 Dungeon Crawl Stone Soup version 0.17.1-3-g152610e (webtiles) character file.

597870 hannobal the Severer (level 27, -4/260 HPs)
             Began as a Naga Gladiator on Apr 22, 2016.
             Was the Champion of Ru.
             Slain by a wandering mushroom (6 damage)
             ... summoned by a curse toe
             ... on level 2 of the Realm of Zot on Apr 30, 2016.
             The game lasted 07:22:44 (97566 turns).

hannobal the Severer (Naga Gladiator)              Turns: 97566, Time: 07:22:45

Health: -4/260     AC: 30    Str: 23    XL:     27
Magic:  0/42       EV: 13    Int: 12    God:    Ru [******]
Gold:   3780       SH:  0    Dex: 19    Spells: 9 memorised, 20 levels left

rFire  + + .     SeeInvis +     l - +2 lightning rod (3/10)
rCold  + . .     Clarity  .     p - +3 ring mail of Neamoill {rF++}
rNeg   + . .     SustAt   .     (shield unavailable)
rPois  +         Gourm    .     A - +2 hat {Spirit}
rElec  +         Spirit   +     E - +2 cloak {rPois}
rCorr  .         Warding  .     B - +2 pair of gloves "Biogae" {rElec rPois}
rMut   .         Stasis   .     D - +4 naga barding
MR     +++..                    R - amulet "Ythrarph Enui" {Regen+ Str+3}
Stlth  ..........               n - ring "Dops" {rC+ rN+ MP+9}
                                (ring unavailable)

@: confused, very slow, extremely resistant to hostile enchantments, extremely
unstealthy
A: repulsion field 1, see invisible, deformed body, low mp 2, poison resistance,
slowness 2, slow metabolism 1, spit poison 2, missing a hand, no stealth, hated
by all, inability to train armour, constrict 1, AC +9
a: Spit Poison, Draw Out Power, Power Leap, Apocalypse, Renounce Religion
}: 3/15 runes: decaying, silver, gossamer


You were on level 2 of the Realm of Zot.
You worshipped Ru.
Ru was exalted by your worship.
You were full.

You visited 10 branches of the dungeon, and saw 51 of its levels.
You also visited: Sewer and Ice Cave.

You collected 10956 gold pieces.
You spent 7176 gold pieces at shops.

Inventory:

Hand Weapons
 a - a +6 broad axe of flaming
 b - the +8 hunting sling of Mekabb Konea {freeze, +Blink}
   (You bought it in a shop on level 11 of the Dungeon)

   It causes projectiles fired from it to freeze those they strike, causing
   extra injury to most foes and up to half again as much damage against
   particularly susceptible opponents.
   They can also slow down cold-blooded creatures.
   It lets you blink.
 g - a +4 blowgun
Missiles
 e - 5 steel tomahawks (quivered)
 F - 19 curare-tipped needles
 I - 2 needles of paralysis
 O - 13 needles of confusion
 T - 10 sling bullets
 U - 57 tomahawks
 Y - 5 javelins of penetration
 Z - 5 silver javelins
Armour
 p - the +3 ring mail of Neamoill (worn) {rF++}
   (You found it on level 2 of the Lair of Beasts)

   It greatly protects you from fire.
 A - a +2 hat of spirit shield (worn)
 B - the +2 pair of gloves "Biogae" (worn) {rElec rPois}
   (You took it off Nikola on level 2 of the Depths)

   It insulates you from electricity.
   It protects you from poison.
 D - a +4 naga barding (worn)
 E - a +2 cloak of poison resistance (worn)
Rods
 k - a +1 rod of clouds (13/13)
   (You bought it in a shop on level 1 of the Vaults)
 l - a +2 lightning rod (3/10) (weapon)
   (You bought it in a shop on level 14 of the Dungeon)
 w - a +2 rod of clouds (7/13)
   (You found it on level 1 of the Lair of Beasts)
Jewellery
 f - an uncursed ring of protection from fire
 m - the ring of Somoix {Str+3 Int+3 Dex+3 Slay+5}
   (You found it on level 4 of the Depths)

   [ring of dexterity]

   It affects your strength (+3).
   It affects your intelligence (+3).
   It affects your dexterity (+3).
   It affects your accuracy and damage with ranged weapons and melee attacks
   (+5).
 n - the ring "Dops" (right hand) {rC+ rN+ MP+9}
   (You took it off a deep elf high priest on level 5 of the Vaults)

   [ring of positive energy]

   It protects you from cold.
   It protects you from negative energy.
   It affects your magic capacity (+9).
 J - an uncursed ring of flight
 M - an uncursed amulet of resist mutation
 R - the amulet "Ythrarph Enui" (around neck) {Regen+ Str+3}
   (You took it off a yaktaur captain on level 5 of the Vaults)

   [amulet of regeneration]

   It affects your strength (+3).
   It increases your rate of regeneration.
 V - an uncursed ring of sustain attributes
Wands
 c - a wand of invisibility (4)
 s - a wand of heal wounds (5)
 y - a wand of disintegration (7)
 S - a wand of teleportation (4)
 W - a wand of teleportation (2)
Scrolls
 h - a scroll of holy word
 i - 26 scrolls of identify
 r - 16 scrolls of remove curse
 v - 19 scrolls of teleportation
 x - 2 scrolls of silence
 K - 11 scrolls of fog
 L - 3 scrolls of blinking
 P - 2 scrolls of recharging
 Q - 12 scrolls of fear
Potions
 j - 4 potions of berserk rage
 o - 3 potions of cancellation
 q - 9 potions of magic
 t - 18 potions of curing
 C - 3 potions of might
 H - 4 potions of cure mutation {!q}
Miscellaneous
 d - a disc of storms
 u - a legendary deck of defence {the Elixir}
Comestibles
 z - a bread ration
 G - 18 meat rations


   Skills:
 - Level 18.0 Fighting
 - Level 18.0 Axes
   Level 1.2(12.2) Polearms
 - Level 11.7(12.1) Slings
 - Level 5.3(9.3) Throwing
 - Level 12.0 Dodging
 - Level 15.0 Spellcasting
 - Level 15.0 Conjurations
 - Level 1.1 Charms
 - Level 6.2 Translocations
 - Level 2.0 Fire Magic
 + Level 14.3 Ice Magic
 - Level 13.0 Air Magic
 - Level 18.0 Evocations


You had 20 spell levels left.
You knew the following spells:

 Your Spells              Type           Power        Failure   Level  Hunger
a - Apportation           Tloc           ###.......   1%          1    None
c - Conjure Flame         Conj/Fire      ####....     1%          3    None
d - Sticky Flame          Conj/Fire      ####....     4%          4    ###....
e - Controlled Blink      Tloc           N/A          100%        8    #######
f - Freezing Cloud        Conj/Ice/Air   #####.....   8%          6    ######.
g - Blink                 Tloc           N/A          1%          2    None
k - Bolt of Cold          Conj/Ice       #####.....   6%          6    ######.
n - Condensation Shield   Ice            #####.....   1%          4    ###....
r - Repel Missiles        Chrm/Air       ####..       1%          2    None


Dungeon Overview and Level Annotations

Branches:
Dungeon (15/15)            Temple (1/1) D:5            Lair (8/8) D:10
  Swamp (4/4) Lair:6       Spider (4/4) Lair:3        Slime (0/6) Lair:6
    Orc (4/4) D:11            Elf (3/3) Orc:3        Vaults (5/5) D:13
  Crypt (0/3) Vaults:3     Depths (5/5) D:15            Zot (2/5) Depths:5

Altars:
Ashenzari
Cheibriados
Dithmenos
Elyvilon
Fedhas
Gozag
Kikubaaqudgha
Makhleb
Nemelex Xobeh
Okawaru
Qazlal
Ru
Sif Muna
Trog
Vehumet
Xom
Yredelemnul
Zin
The Shining One
Beogh
Jiyva

Shops:
D:11 (   D:14 }   Orc:4 ([[!   Elf:2 !   Vaults:1 }   Vaults:4 !

Portals:
Hell: Lair:8 Depths:1 Depths:2 Depths:3 Depths:4 Depths:5
Abyss: Depths:2 Depths:3 Depths:4 Depths:5
Pandemonium: Depths:2 Depths:3
Ziggurat: Depths:4
Trove: Vaults:2 (give wand of hasting (9))

Annotations:
Elf:2 3 runed doors, exclusion: 3 doors
Elf:3 1 exclusion
Depths:2 safe middle upstair


Innate Abilities, Weirdness & Mutations

You cannot wear boots.
Your serpentine skin is tough (AC +9).
You have supernaturally acute eyesight.
Armour fits poorly on your strangely shaped body.
Your magical capacity is very low (-20% MP).
Your system is resistant to poisons.
You cover ground very slowly.
You have a slow metabolism.
You can spit poison.
You are missing a hand.
You cannot be stealthy.
You are hated by all.
You cannot train Armour skill.
You can use your snake-like lower body to constrict enemies.
You are surrounded by a mild repulsion field (EV +2).


Message History

* * * LOW HITPOINT WARNING * * *
You are engulfed in a cloud of spores!
You focus your will and slow the deathcap in retribution!
The curse toe is engulfed in acidic fog.
The deathcap closely misses you. The wandering mushroom misses you.
The wandering mushroom is engulfed in acidic fog.
The wandering mushroom misses you.
The wandering mushroom releases spores at you!
* * * LOW HITPOINT WARNING * * *
You are engulfed in a cloud of spores!
The deathcap releases spores at you!
* * * LOW HITPOINT WARNING * * *
You are engulfed in a cloud of spores!
You focus your will and blind the deathcap in retribution!
The deathcap releases spores at you.
* * * LOW HITPOINT WARNING * * *
You are engulfed in a cloud of spores!
You are confused.
The wandering mushroom releases spores at you!
You die...

###.......# #...........#
#....(..### ###########.#
#.#.....# ###### #.#
#.######## #....# #.#
#..(.....########....####.#
#..#####.#......'.......#.#
###..##.##.#.######....##.#.#
........##.#.#.f.f.....##.#.#
###.....##.#.#.f@#........#.#
####..##.#[#.f§f#########^#
####.......#....z§§...^.....#
.....##.########§§§§....#####
.....#..........§§##........#
................§§§>.##.###.#
.....#............(.......#.#
.....###..######.##(#####.#.#
.....# ##.# #.##.........#


You could see a curse toe, 2 deathcaps and 3 wandering mushrooms.

Vanquished Creatures
  An ancient lich (Depths:3)
  2 orbs of fire (Zot:1)
  Mennas (Depths:3)
  Frederick (Vaults:4)
  Norris (D:13)
  2 Killer Klowns (Zot:1)
  Nikola (Depths:2)
  4 golden dragons
  the Enchantress (Depths:4)
  11 tentacled monstrosities
  A quicksilver dragon (Vaults:5)
  4 liches
  A titan (Vaults:5)
  Gastronok (Lair:2)
  A sphinx (shapeshifter) (Vaults:1)
  8 storm dragons
  5 sphinxes
  4 shadow dragons
  9 tengu reavers
  2 ancient champions (Vaults:4)
  4 thorn hunters
  3 death cobs (Zot:2)
  Wiglaf (Vaults:4)
  2 deep elf sorcerers
  3 iron dragons
  Maud (Orc:3)
  3 draconian knights
  2 orc warlords
  2 ghost moths (shapeshifter)
  11 fire giants
  4 emperor scorpions (Spider:4)
  8 frost giants
  5 ghost moths
  A draconian zealot (Depths:5)
  22 vault wardens
  The ghost of Charly the Severer, a journeyman HOGl of Makhleb (Depths:1)
  A draconian annihilator (Zot:2)
  4 spriggan defenders
  The ghost of simples the Phalangite, a journeyman MfGl of Okawaru (D:14)
  20 ironheart preservers
  10 very ugly things
  A vampire knight (Depths:5)
  2 draconian callers
  28 stone giants
  3 war gargoyles
  Nessos (Lair:8)
  3 black draconians (Zot:1)
  6 yellow draconians (Zot:1)
  4 deep elf demonologists
  A salamander stormcaller (Vaults:5)
  4 red draconians
  5 green draconians
  4 purple draconians
  6 deep elf annihilators
  7 white draconians
  11 ettins
  4 crystal guardians
  3 jiangshi
  A small abomination (Vaults:5)
  16 fire dragons
  33 vault guards
  An eidolon (Depths:3)
  7 deep elf high priests
  5 spriggan air magi (Depths:3)
  9 entropy weavers
  19 yaktaur captains
  29 hydras
  A ghost crab (shapeshifter) (D:14)
  10 great orbs of eyes
  Erolcha (Orc:1)
  7 rakshasas
  3 catoblepae
  16 ice dragons
  12 centaur warriors
  An anaconda (Depths:4)
  14 ogre magi
  3 ghost crabs
  A queen ant (Lair:3)
  13 death yaks
  7 alligators
  A vampire mage (Depths:2)
  13 deep troll shamans
  5 tengu warriors
  2 dancing weapons (Depths:3)
  10 deep troll earth magi
  7 hell knights
  Urug (Lair:1)
  10 spriggan berserkers
  Sonja (D:14)
  5 orc high priests
  12 deep elf knights
  12 skeletal warriors
  A fire crab (shapeshifter) (Vaults:1)
  A soul eater (Depths:1)
  7 iron trolls
  3 shadow wraiths
  5 unseen horrors
  A storm dragon skeleton (Depths:2)
  A spriggan druid (Swamp:4)
  7 giant orange brains
  A sea snake (shapeshifter) (Vaults:3)
  32 deep trolls
  A death drake (Depths:3)
  6 phantasmal warriors
  4 shambling mangroves
  15 swamp dragons
  A sphinx zombie (Depths:2)
  3 orange crystal statues
  8 deep elf summoners
  3 flayed ghosts
  11 hill giants
  15 ironbrand convokers
  4 mana vipers (Depths:3)
  13 orc knights
  A harpy (Vaults:3)
  6 orc sorcerers
  A frost giant zombie (Vaults:4)
  8 deep elf conjurers
  4 wizards
  An iron dragon zombie (Depths:2)
  33 wolf spiders
  An orb spider (shapeshifter) (Vaults:2)
  A salamander (shapeshifter) (Vaults:3)
  A shining eye (Depths:4)
  An oklob plant (Lair:1)
  2 fauns (shapeshifter)
  A moth of wrath (shapeshifter) (Depths:5)
  13 hornets
  69 ugly things
  20 orb spiders
  4 cyclopes
  14 griffons
  2 hornets (shapeshifter) (Vaults:3)
  A stone giant zombie (Depths:2)
  A guardian serpent (shapeshifter) (Vaults:2)
  An elephant (shapeshifter) (Vaults:1)
  6 necromancers
  4 manticores
  2 stone giant skeletons (Vaults:3)
  3 black mambas
  6 elephants
  9 moths of wrath
  A sixfirhy (Lair:8)
  A black mamba (shapeshifter) (Elf:3)
  An orc zombie (Vaults:1)
  17 vault sentinels
  2 eyes of devastation (Depths:4)
  2 fire giant skeletons
  3 ice statues (IceCv)
  A smoke demon (Lair:8)
  A torpor snail (Lair:7)
  2 orange demons (Lair:8)
  2 gargoyles
  22 spiny frogs
  2 kobold demonologists (Vaults:3)
  8 komodo dragons
  96 yaktaurs
  7 freezing wraiths
  An efreet (D:15)
  3 fire drakes
  2 spectral merfolk (Depths:3)
  12 demonic crawlers
  9 deep elf priests
  4 blue devils (Lair:8)
  A hellwing (Lair:8)
  8 trolls
  2 yaktaur skeletons (Vaults:3)
  2 red devils (Lair:8)
  3 tengu conjurers
  A troll (shapeshifter) (Vaults:3)
  A two-headed ogre (shapeshifter) (Depths:2)
  28 jumping spiders
  A polar bear (Lair:8)
  A queen bee (shapeshifter) (Vaults:2)
  3 boulder beetles
  5 giant leeches
  A harpy skeleton (D:15)
  Prince Ribbit (D:6)
  41 slime creatures
  A polar bear (shapeshifter) (Depths:2)
  30 blink frogs
  12 bog bodies
  18 trapdoor spiders
  23 two-headed ogres
  5 water elementals (Depths:3)
  A spriggan (shapeshifter) (D:15)
  2 raiju (Depths:3)
  30 deep elf magi
  63 redbacks
  21 tarantellas
  70 yaks
  2 ettin skeletons
  18 spriggans
  5 vampires
  17 hippogriffs
  4 shadows
  A human (shapeshifter) (Vaults:2)
  2 air elementals
  A steam dragon (Lair:5)
  Grum (Lair:1)
  5 wraiths
  38 vampire mosquitoes
  A wyvern (D:10)
  6 basilisks
  7 mottled dragons
  15 wargs
  Menkaure (D:6)
  16 humans
  17 insubstantial wisps
  2 hungry ghosts
  21 water moccasins
  32 deep elf fighters
  7 soldier ants
  18 wolves
  A hydra simulacrum (Depths:3)
  2 spectral trolls (Depths:3)
  5 spectral spriggans
  23 swamp worms
  Duvessa (D:6)
  4 hell hounds
  51 orc warriors
  A minotaur simulacrum (Depths:3)
  20 spiders
  An eye of draining (D:12)
  Purgy (Sewer)
  A snapping turtle zombie (Depths:3)
  5 human zombies
  A sky beast (D:9)
  3 black bears
  34 wasps
  13 swamp drakes
  35 boggarts
  16 porcupines
  67 ogres
  10 ice beasts
  24 centaurs
  4 necrophages
  A phantom (D:13)
  19 crocodiles
  A big kobold (Vaults:3)
  27 giant frogs
  8 human skeletons
  Dowan (D:6)
  A gnoll sergeant (D:8)
  A wyvern skeleton (D:11)
  4 scorpions
  A scorpion (shapeshifter) (Vaults:2)
  20 killer bees
  An orc simulacrum (Vaults:1)
  4 electric eels
  An elf skeleton (Vaults:3)
  A vampire bat (D:4)
  9 wights
  A spectral ogre (Depths:3)
  2 giant frog zombies
  7 crimson imps
  3 spectral centaurs (Depths:3)
  3 centaur zombies
  14 jellies
  An elf zombie (Vaults:1)
  29 orc priests
  6 centaur skeletons
  The ghost of grom234 the Sneak, a weakling FeIE (D:4)
  Ijyb (D:3)
  9 hounds
  10 iguanas
  38 orc wizards
  A quasit (D:15)
  5 giant frog skeletons
  A boulder beetle simulacrum (Vaults:1)
  39 sheep
  2 troll simulacra (Depths:3)
  19 worker ants
  A killer bee zombie (D:9)
  A hound zombie (D:10)
  2 hound skeletons
  10 gnolls (D:8)
  24 adders
  64 river rats
  11 shadow imps
  12 white imps
  2 giant eyeballs
  14 oozes
  An adder zombie (D:9)
  3 worms
  An adder skeleton (D:6)
  3 fire bats (D:4)
  7 giant geckos
  202 orcs
  2 spectral bats (D:4)
  5 ball pythons
  3 bat skeletons (D:4)
  A bat zombie (D:4)
  10 goblins
  11 hobgoblins
  2 quokkas
  24 bats
  A bat simulacrum (D:4)
  6 giant cockroaches
  A giant gecko skeleton (D:4)
  10 giant newts
  6 jackals
  A jackal zombie (D:5)
  14 kobolds
  A quokka skeleton (D:7)
  A quokka zombie (D:9)
  11 rats
  5 crawling corpses (Vaults:5)
  4 fire vortices (Vaults:5)
  18 fungi
  13 plants
2844 creatures vanquished.

Vanquished Creatures (collateral kills)
  A spriggan (Swamp:4)
1 creature vanquished.

Vanquished Creatures (others)
  A death cob (Zot:1)
  A tengu reaver (Vaults:4)
  Agnes (Vaults:4)
  A draconian knight (Zot:1)
  A very ugly thing (Swamp:1)
  A salamander stormcaller (Vaults:5)
  2 yaktaur captains
  2 ice dragons (Depths:2)
  3 hydras
  The ghost of Miyamura the Thaumaturge, a journeyman DEAE of Vehumet (Lair:1)
  2 deep troll shamans
  A vampire mage (Depths:2)
  A deep troll (Depths:5)
  An orc sorcerer (Vaults:2)
  An ugly thing (Depths:3)
  2 wolf spiders
  2 spiny frogs
  3 yaktaurs
  A komodo dragon (D:10)
  A yaktaur skeleton (Vaults:3)
  3 slime creatures
  A blink frog (Lair:5)
  2 spriggans (Swamp:2)
  A wolf (Depths:3)
  A swamp worm (Swamp:4)
  An orc warrior (Vaults:4)
  2 wasps
  An ogre (Depths:3)
  2 boggarts
  A centaur (D:15)
  2 crocodiles
  A killer bee (D:12)
  An orc priest (Vaults:2)
  An orc wizard (Vaults:3)
  A giant eyeball (Depths:4)
  An orc (Orc:3)
  20 fungi
  A lost soul (Depths:3)
  36 plants
  A toadstool (D:6)
109 creatures vanquished.

Grand Total: 2954 creatures vanquished

Notes
Turn   | Place    | Note
--------------------------------------------------------------
     0 | D:1      | hannobal the Naga Gladiator began the quest for the Orb.
     0 | D:1      | Reached XP level 1. HP: 19/19 MP: 1/1
   424 | D:1      | Reached XP level 2. HP: 26/26 MP: 2/2
   965 | D:2      | Reached skill level 4 in Axes
   965 | D:2      | Reached XP level 3. HP: 28/32 MP: 3/3
  1328 | D:2      | Reached XP level 4. HP: 20/39 MP: 4/4
  1751 | D:2      | Reached skill level 5 in Axes
  2076 | D:3      | Reached XP level 5. HP: 33/45 MP: 5/5
  2109 | D:3      | Found a glowing drain.
  2174 | Sewer    | Entered a sewer
  2265 | Sewer    | Noticed Purgy
  2276 | Sewer    | Killed Purgy
  2276 | Sewer    | Reached skill level 6 in Axes
  2276 | Sewer    | Reached XP level 6. HP: 24/52 MP: 6/6
  2811 | D:3      | Reached skill level 7 in Axes
  2928 | D:3      | Noticed Ijyb
  2951 | D:3      | Killed Ijyb
  3362 | D:3      | Found a shattered altar of Ashenzari.
  3665 | D:3      | Reached XP level 7. HP: 58/60 MP: 7/7
  4121 | D:4      | Reached skill level 8 in Axes
  4203 | D:4      | Noticed grom234's ghost (weakling FeIE)
  4348 | D:4      | Killed grom234's ghost
  4652 | D:4      | Reached skill level 1 in Armour
  5115 | D:4      | Reached skill level 9 in Axes
  5115 | D:4      | Reached XP level 8. HP: 67/67 MP: 8/8
  5537 | D:5      | Entered Level 5 of the Dungeon
  5784 | D:5      | Reached skill level 10 in Axes
  6032 | D:5      | Found a staircase to the Ecumenical Temple.
  6037 | Temple   | Entered the Ecumenical Temple
  6097 | Temple   | Became a worshipper of Ru the Awakened
  6299 | D:6      | Noticed Prince Ribbit
  6307 | D:6      | Killed Prince Ribbit
  6484 | D:6      | Noticed Menkaure
  6491 | D:6      | Killed Menkaure
  6576 | D:6      | Noticed Duvessa
  6576 | D:6      | Noticed Dowan
  6586 | D:6      | Killed Duvessa
  6587 | D:6      | Reached XP level 9. HP: 47/73 MP: 9/9
  6596 | D:6      | Killed Dowan
  6882 | D:6      | Found an iron altar of Okawaru.
  6917 | D:6      | Found a stormy altar of Qazlal.
  6979 | D:6      | Reached skill level 5 in Shields
  7668 | D:6      | Found a viscous altar of Jiyva.
  7735 | D:7      | Found a deep blue altar of Sif Muna.
  7735 | D:7      | Found a shimmering altar of Xom.
  7860 | D:7      | Found a shadowy altar of Dithmenos.
  7928 | D:7      | Gained mutation: You are hated by all. [Ru sacrifice]
  7928 | D:7      | Reached * piety under Ru
  8039 | D:7      | Paralysed by an orc for 5 turns
  9611 | D:8      | Reached XP level 10. HP: 81/85 MP: 10/10
  9757 | D:8      | Reached skill level 11 in Axes
  9811 | D:8      | Found a white marble altar of Elyvilon.
 10484 | D:9      | Gained mutation: You are missing a hand. [Ru sacrifice]
 10484 | D:9      | Reached ** piety under Ru
 10484 | D:9      | Reached *** piety under Ru
 10484 | D:9      | Reached **** piety under Ru
 11337 | D:9      | Reached skill level 12 in Axes
 11686 | D:10     | Entered Level 10 of the Dungeon
 11775 | D:10     | Noticed a hill giant
 11782 | D:10     | Killed a hill giant
 11898 | D:10     | Noticed a hill giant
 11917 | D:10     | Killed a hill giant
 11917 | D:10     | Reached skill level 13 in Axes
 11917 | D:10     | Reached XP level 11. HP: 44/92 MP: 11/11
 12111 | D:10     | Noticed a hill giant
 12122 | D:10     | Killed a hill giant
 12619 | D:10     | Found a staircase to the Lair.
 12869 | D:10     | Noticed a hill giant
 12878 | D:10     | Killed a hill giant
 12878 | D:10     | Reached skill level 14 in Axes
 13826 | D:10     | Noticed a hill giant
 13836 | D:10     | Killed a hill giant
 13836 | D:10     | Reached skill level 5 in Fighting
 15113 | D:11     | Noticed a centaur warrior
 15115 | D:11     | Noticed an eight-headed hydra
 15128 | D:11     | Killed a centaur warrior
 15128 | D:11     | Reached skill level 15 in Axes
 15338 | D:11     | Found a staircase to the Orcish Mines.
 15340 | D:11     | Found Hiolloal's Weapon Shop.
 15508 | D:10     | Noticed an unseen horror
 15513 | D:10     | Killed an unseen horror
 15754 | D:11     | Reached XP level 12. HP: 69/103 MP: 12/12
 15999 | D:11     | Got a smoking robe
 16010 | D:11     | Identified the +3 robe of Nicesare {MR- Regen+ Str+5} (You found it on level 11 of the Dungeon)
 16123 | D:11     | Bought the +8 hunting sling of Mekabb Konea {freeze, +Blink} for 793 gold pieces
 16179 | D:11     | Killed an eight-headed hydra
 16373 | D:11     | Noticed a hill giant
 16384 | D:11     | Killed a hill giant
 16632 | Orc:1    | Entered Level 1 of the Orcish Mines
 16632 | Orc:1    | Found a frozen archway.
 16930 | IceCv    | Entered an ice cave
 17485 | IceCv    | Got a flickering amber ring
 17487 | IceCv    | Identified the ring "Tourabuu" {MP+9 SInv} (You found it in an ice cave)
 17728 | Orc:1    | Found Gomuth's Food Emporium.
 17751 | Orc:1    | Noticed Erolcha
 17757 | Orc:1    | Killed Erolcha
 17757 | Orc:1    | Reached skill level 16 in Axes
 18165 | Orc:2    | Noticed an orc high priest
 18178 | Orc:2    | Killed an orc high priest
 18178 | Orc:2    | Reached skill level 5 in Slings
 19027 | Orc:3    | Noticed an orc warlord
 19133 | Lair:1   | Entered Level 1 of the Lair of Beasts
 19244 | Lair:1   | Noticed Miyamura's ghost (journeyman DEAE)
 19284 | Lair:1   | Killed Miyamura's ghost
 19575 | Lair:1   | Noticed a four-headed hydra
 19585 | Lair:1   | Killed a four-headed hydra
 19958 | Lair:1   | Noticed Grum
 19986 | Lair:1   | Killed Grum
 20288 | Lair:1   | Noticed Urug
 20308 | Lair:1   | Killed Urug
 20403 | Lair:1   | Identified a +2 rod of clouds (13/13) (You found it on level 1 of the Lair of Beasts)
 21010 | Lair:1   | Gained mutation: You can use your snake-like lower body to constrict enemies. [Naga growth]
 21010 | Lair:1   | Reached XP level 13. HP: 105/109 MP: 13/13
 21412 | Lair:2   | Got a brightly glowing ring mail
 21423 | Lair:2   | Identified the +3 ring mail of Neamoill {rF++} (You found it on level 2 of the Lair of Beasts)
 21738 | Lair:2   | Noticed Gastronok
 21753 | Lair:2   | Killed Gastronok
 21753 | Lair:2   | Reached skill level 17 in Axes
 22113 | Lair:2   | Reached skill level 1 in Spellcasting
 22949 | Lair:3   | Got an ichor-stained leather armour
 22960 | Lair:3   | Identified the +1 leather armour of Dithmenos's Vengeance {Dex+4} (You found it on level 3 of the Lair of Beasts)
 23319 | Lair:3   | Found a hole to the Spider Nest.
 24081 | Lair:4   | Gained mutation: You cannot be stealthy. [Ru sacrifice]
 24478 | Lair:4   | Reached skill level 18 in Axes
 24556 | Lair:4   | Reached XP level 14. HP: 55/121 MP: 2/17
 27231 | Lair:6   | Reached skill level 10 in Fighting
 27392 | Lair:6   | Found a staircase to the Swamp.
 27887 | Lair:6   | Found a staircase to the Slime Pits.
 28444 | Lair:6   | Gained mutation: You cannot train Armour skill. [Ru sacrifice]
 28444 | Lair:6   | Reached ***** piety under Ru
 28553 | Lair:7   | Reached skill level 10 in Slings
 28808 | Lair:7   | Reached XP level 15. HP: 118/138 MP: 14/18
 28974 | Lair:7   | Got a bloodstained plate armour
 28989 | Lair:6   | Identified the +5 plate armour of Canun {rElec} (You found it on level 7 of the Lair of Beasts)
 29197 | Lair:7   | Got a crude ring mail
 29208 | Lair:7   | Identified the +3 ring mail "Luypt" {*Confuse rPois Regen+ SInv} (You found it on level 7 of the Lair of Beasts)
 29787 | Lair:8   | Entered Level 8 of the Lair of Beasts
 29797 | Lair:8   | Reached skill level 5 in Throwing
 30103 | Lair:8   | Identified a scroll of acquirement
 30415 | Lair:8   | Noticed Nessos
 30430 | Lair:8   | Reached skill level 1 in Evocations
 30440 | Lair:8   | Killed Nessos
 31284 | Lair:8   | Found a burning altar of Makhleb.
 31302 | Lair:8   | Reached skill level 5 in Evocations
 31583 | Lair:8   | Found a gateway to Hell.
 32015 | Orc:3    | Noticed Maud
 32032 | Orc:3    | Killed Maud
 32082 | Orc:3    | Killed an orc warlord
 32450 | Orc:4    | Entered Level 4 of the Orcish Mines
 32553 | Orc:3    | Found a staircase to the Elven Halls.
 32714 | Orc:4    | Found a roughly hewn altar of Beogh.
 32869 | Orc:4    | Found a roughly hewn altar of Beogh.
 33122 | Orc:4    | Found a roughly hewn altar of Beogh.
 33196 | Orc:4    | Found Vozxeru's Antique Armour Emporium.
 33199 | Orc:4    | Found a roughly hewn altar of Beogh.
 33199 | Orc:4    | Found Meab's Antique Weapon Shoppe.
 33246 | Orc:4    | Reached skill level 5 in Dodging
 33551 | Orc:4    | Found a roughly hewn altar of Beogh.
 33645 | Orc:4    | Found Haulog's Antique Armour Boutique.
 33669 | Orc:4    | Bought a glowing cloak for 135 gold pieces
 33835 | Orc:4    | Found a roughly hewn altar of Beogh.
 33844 | Orc:4    | Found Aryeve's Distillery.
 33936 | Orc:4    | Bought a potion of haste for 180 gold pieces
 33936 | Orc:4    | Bought a potion of agility for 72 gold pieces
 33936 | Orc:4    | Bought a potion of might for 72 gold pieces
 33999 | Orc:4    | Bought a runed blowgun for 55 gold pieces
 34000 | Orc:4    | Bought a slimy hunting sling for 143 gold pieces
 34000 | Orc:4    | Bought a warped war axe for 187 gold pieces
 34001 | Orc:4    | Identified the +11 hunting sling of Juots {velocity, *Contam +Fly MP+9} (You bought it in a shop on level 4 of the Orcish Mines)
 34002 | Orc:4    | Identified the +0 war axe of the First Beds {flame, rElec rC+} (You bought it in a shop on level 4 of the Orcish Mines)
 34066 | Orc:4    | Bought a heavily runed chain mail for 285 gold pieces
 34076 | Orc:4    | Identified the +8 chain mail of the Gardener {Dex+6} (You bought it in a shop on level 4 of the Orcish Mines)
 34147 | Orc:4    | Bought a runed leather armour for 50 gold pieces
 34147 | Orc:4    | Bought a runed scale mail for 100 gold pieces
 34689 | D:12     | Reached XP level 16. HP: 124/146 MP: 19/22
 35085 | D:12     | Reached skill level 5 in Spellcasting
 35165 | D:12     | Found a roughly hewn altar of Beogh.
 35504 | D:13     | Found a gate to the Vaults.
 35504 | D:13     | Noticed Norris
 36018 | D:13     | Killed Norris
 36509 | D:13     | Found an opulent altar of Gozag.
 36879 | D:14     | Reached skill level 10 in Evocations
 37134 | D:14     | Noticed Sonja
 37149 | D:14     | Killed Sonja
 37237 | D:14     | Noticed simples's ghost (journeyman MfGl)
 37253 | D:14     | Killed simples's ghost
 37747 | D:14     | Found Deosm's Gadget Shoppe.
 37943 | D:15     | Entered Level 15 of the Dungeon
 38869 | D:15     | Learned a level 1 spell: Apportation
 38915 | D:15     | Learned a level 4 spell: Condensation Shield
 39389 | D:15     | Found a staircase to the Depths.
 39623 | Lair:2   | Learned a level 6 spell: Freezing Cloud
 39687 | D:14     | Bought a cursed +2 lightning rod (10/10) for 1105 gold pieces
 39900 | Swamp:1  | Entered Level 1 of the Swamp
 39981 | Swamp:1  | Reached XP level 17. HP: 129/153 MP: 24/26
 44097 | Swamp:4  | Entered Level 4 of the Swamp
 46211 | Swamp:4  | Reached XP level 18. HP: 87/169 MP: 15/27
 46995 | Swamp:4  | Got a decaying rune of Zot
 47369 | Spider:1 | Entered Level 1 of the Spider Nest
 47981 | Elf:1    | Entered Level 1 of the Elven Halls
 48104 | Elf:1    | Got a faintly humming cloak
 48115 | Elf:1    | Identified the cursed -6 cloak of Nyvvoow {rF+ Dex+3} (You found it on level 1 of the Elven Halls)
 49460 | Elf:2    | Found Wabovewn's Distillery.
 49708 | Elf:2    | Found a runed gate.
 49710 | Elf:2    | Found a runed gate.
 49713 | Elf:2    | Found a runed gate.
 49771 | Elf:3    | Entered Level 3 of the Elven Halls
 50721 | Elf:3    | Got a bone hand crossbow
 50722 | Elf:3    | Identified the cursed +2 hand crossbow "Xecoy" {speed, Int+3 Dex+4} (You found it on level 3 of the Elven Halls)
 51011 | Elf:3    | Reached skill level 1 in Ice Magic
 52033 | Vaults:1 | Entered Level 1 of the Vaults
 52471 | Vaults:1 | Reached skill level 5 in Ice Magic
 52850 | Vaults:1 | Reached XP level 19. HP: 136/178 MP: 29/32
 53566 | Vaults:1 | Found Utamoik's Gadget Shop.
 53607 | Vaults:1 | Bought a phial of floods for 560 gold pieces
 55121 | Vaults:2 | Reached skill level 10 in Ice Magic
 56237 | Vaults:2 | Reached skill level 10 in Spellcasting
 57284 | Vaults:2 | Found a portal to a secret trove of treasure.
 58511 | Vaults:3 | Reached XP level 20. HP: 122/190 MP: 21/34
 58811 | Vaults:3 | Got a smoking falchion
 58820 | Vaults:2 | Identified the cursed +1 falchion "Testudinebane" {venom, rElec MR+} (You found it on level 3 of the Vaults)
 59031 | Vaults:3 | Got an encrusted leather armour
 59052 | Vaults:3 | Identified the +2 leather armour of the Chupacabra {+Blink MP+9 Int-4 Dex+8} (You took it off an orc priest on level 3 of the Vaults)
 59661 | Lair:2   | Learned a level 3 spell: Conjure Flame
 59666 | Lair:2   | Learned a level 4 spell: Sticky Flame
 59876 | Vaults:3 | Reached skill level 15 in Fighting
 60740 | Vaults:3 | Reached skill level 15 in Evocations
 61655 | Vaults:3 | Found a staircase to the Crypt.
 63151 | Vaults:4 | Noticed Frederick
 63153 | Vaults:4 | Noticed Wiglaf
 63155 | Vaults:4 | Noticed Agnes
 63161 | Vaults:4 | Killed Agnes
 63167 | Vaults:4 | Killed Wiglaf
 63178 | Vaults:4 | Killed Frederick
 63178 | Vaults:4 | Reached XP level 21. HP: 126/205 MP: 27/35
 64217 | Vaults:4 | Reached skill level 10 in Dodging
 65095 | Vaults:4 | Found Oposear's Distillery.
 65520 | Elf:2    | Bought a potion of haste for 130 gold pieces
 65520 | Elf:2    | Bought 2 potions of heal wounds for 130 gold pieces
 65520 | Elf:2    | Bought a potion of curing for 39 gold pieces
 65520 | Elf:2    | Bought a potion of curing for 39 gold pieces
 65520 | Elf:2    | Bought a potion of curing for 39 gold pieces
 65520 | Elf:2    | Bought a potion of agility for 52 gold pieces
 65520 | Elf:2    | Bought a potion of agility for 52 gold pieces
 66043 | Vaults:4 | Bought a potion of curing for 48 gold pieces
 66043 | Vaults:4 | Bought 3 potions of curing for 144 gold pieces
 66043 | Vaults:4 | Bought a potion of agility for 64 gold pieces
 66650 | D:13     | Gained mutation: You are surrounded by a mild repulsion field (EV +2). [potion of beneficial mutation]
 70464 | Spider:4 | Entered Level 4 of the Spider Nest
 71638 | Spider:4 | Reached XP level 22. HP: 218/218 MP: 0/36
 71798 | Spider:4 | Got a gossamer rune of Zot
 72428 | Depths:1 | Entered Level 1 of the Depths
 72507 | Depths:1 | Gained mutation: Your magical capacity is low (-10% MP). [Ru sacrifice]
 72507 | Depths:1 | Reached ****** piety under Ru
 72999 | Depths:1 | Found a runed door.
 73277 | Depths:1 | Noticed Charly's ghost (journeyman HOGl)
 73302 | Depths:1 | Killed Charly's ghost
 73693 | Depths:1 | Found a snail-covered altar of Cheibriados.
 74415 | Depths:2 | Noticed Nikola
 74438 | Depths:2 | Killed Nikola
 75238 | Depths:2 | Got a pair of steaming gloves
 75375 | Depths:1 | Identified the +2 pair of gloves "Biogae" {rElec rPois} (You took it off Nikola on level 2 of the Depths)
 76701 | Depths:2 | Learned a level 6 spell: Bolt of Cold
 76897 | Depths:2 | Found a one-way gate to the infinite horrors of the Abyss.
 77263 | Depths:2 | Found a one-way gate leading to the halls of Pandemonium.
 77622 | Depths:2 | Reached XP level 23. HP: 221/228 MP: 32/34
 77742 | Depths:2 | Reached skill level 5 in Conjurations
 78873 | Depths:3 | Noticed Mennas
 78907 | Depths:3 | Killed Mennas
 80103 | Depths:4 | Reached skill level 1 in Polearms
 80242 | Depths:4 | Reached skill level 10 in Conjurations
 80365 | Depths:4 | Noticed the Enchantress
 80368 | Depths:4 | Killed the Enchantress
 80372 | Depths:4 | Found a radiant altar of Vehumet.
 80404 | Depths:4 | Got a faerie dragon armour
 80418 | Depths:4 | Identified the +1 faerie dragon armour {MR+} (You took it off the Enchantress on level 4 of the Depths)
 81006 | Depths:4 | Got a brightly glowing dagger
 81007 | Depths:4 | Identified the +4 dagger of Collusion {freeze, MR+ Str-2 Dex+6} (You found it on level 4 of the Depths)
 81018 | Depths:4 | Got a transparent steel ring
 81020 | Depths:4 | Identified the ring of Somoix {Str+3 Int+3 Dex+3 Slay+5} (You found it on level 4 of the Depths)
 81319 | Depths:3 | Reached XP level 24. HP: 205/236 MP: 33/34
 81530 | Depths:3 | Noticed an ancient lich
 81552 | Depths:3 | Killed an ancient lich
 82398 | Depths:3 | Got a slimy golden ring
 82400 | Depths:3 | Identified the cursed ring "Symikh" {*Confuse rElec rC++ Str-3 Stlth+} (You took it off a spriggan berserker on level 3 of the Depths)
 83417 | Depths:4 | Found a gateway to a ziggurat.
 83417 | Depths:4 | Paralysed by a giant eyeball for 4 turns
 84807 | Depths:3 | Reached XP level 25. HP: 244/244 MP: 36/36
 85200 | Depths:5 | Entered Level 5 of the Depths
 86045 | Depths:5 | Found a gate to the Realm of Zot.
 86564 | Depths:5 | Noticed a juggernaut
 86710 | Depths:5 | Got a smoking pewter ring
 86712 | Depths:5 | Identified the ring "Duer" {rN+ MP-9 Int+2 Dex+2 Stlth+} (You found it on level 5 of the Depths)
 87103 | Depths:5 | Reached skill level 1 in Fire Magic
 87399 | Depths:5 | Reached skill level 1 in Translocations
 87862 | Vaults:5 | Entered Level 5 of the Vaults
 87863 | Vaults:5 | Reached skill level 1 in Air Magic
 87910 | Vaults:5 | Reached XP level 26. HP: 253/253 MP: 36/36
 87910 | Vaults:5 | Reached skill level 5 in Air Magic
 88365 | Vaults:5 | HP: 5/253 [stone giant (17)]
 88608 | Vaults:5 | Noticed a juggernaut
 88608 | Vaults:5 | a shard shrike changed into a juggernaut
 88635 | Vaults:5 | Reached skill level 10 in Air Magic
 90110 | Vaults:5 | Got a vibrating graven amulet
 90111 | Vaults:5 | Identified the amulet "Ythrarph Enui" {Regen+ Str+3} (You took it off a yaktaur captain on level 5 of the Vaults)
 90401 | Vaults:5 | Got a bloodstained hand crossbow
 90409 | Vaults:5 | Identified the cursed +0 hand crossbow "Trog's Anger" {venom, rF+ MR+ Str+6 Stlth-} (You took it off a vault warden on level 5 of the Vaults)
 90667 | Vaults:5 | Got a wavering ivory ring
 90669 | Vaults:5 | Identified the ring "Dops" {rC+ rN+ MP+9} (You took it off a deep elf high priest on level 5 of the Vaults)
 90936 | Vaults:5 | Got a twisted ring mail
 90937 | Vaults:5 | Identified the +3 ring mail "Xumilib" {+Fly rPois MR+ Int-5} (You took it off a vault warden on level 5 of the Vaults)
 91073 | Vaults:5 | Learned a level 8 spell: Controlled Blink
 91607 | Vaults:5 | Got a silver rune of Zot
 91845 | Vaults:5 | Learned a level 2 spell: Repel Missiles
 91849 | Vaults:5 | Learned a level 2 spell: Blink
 92081 | Vaults:1 | Reached skill level 1 in Charms
 92081 | Vaults:1 | Reached XP level 27. HP: 253/260 MP: 36/36
 92184 | Vaults:1 | Bought a -1 rod of clouds (11/11) for 1050 gold pieces
 92400 | Orc:4    | Bought a potion of cure mutation for 630 gold pieces
 92400 | Orc:4    | Bought a potion of brilliance for 72 gold pieces
 92400 | Orc:4    | Bought a potion of berserk rage for 90 gold pieces
 92469 | Elf:2    | Bought a potion of cancellation for 104 gold pieces
 92469 | Elf:2    | Bought a potion of cure mutation for 455 gold pieces
 94076 | Zot:1    | Entered Level 1 of the Realm of Zot
 94309 | Zot:1    | Noticed an orb of fire
 94337 | Zot:1    | Gained mutation: Your magical capacity is very low (-20% MP). [an orb of fire]
 94368 | Zot:1    | Killed an orb of fire
 94368 | Zot:1    | Reached skill level 5 in Translocations
 95174 | Zot:1    | Noticed an orb of fire
 95222 | Zot:1    | Killed an orb of fire
 95901 | Zot:2    | Reached skill level 15 in Spellcasting
 96836 | Zot:2    | Reached skill level 15 in Conjurations
 97233 | Orc:1    | Bought a meat ration for 70 gold pieces
 97233 | Orc:1    | Bought a slice of pizza for 21 gold pieces
 97233 | Orc:1    | Bought a royal jelly for 28 gold pieces
 97233 | Orc:1    | Bought 2 fruits for 42 gold pieces
 97233 | Orc:1    | Bought a meat ration for 70 gold pieces
 97233 | Orc:1    | Bought a bread ration for 70 gold pieces
 97566 | Zot:2    | HP: 5/260 [deathcap[a curse toe] (14)]
 97566 | Zot:2    | HP: 2/260 [deathcap[a curse toe] (3)]
 97566 | Zot:2    | Slain by a wandering mushroom

Action                   |  1- 3 |  4- 6 |  7- 9 | 10-12 | 13-15 | 16-18 | 19-21 | 22-24 | 25-27 || total
-------------------------+-------+-------+-------+-------+-------+-------+-------+-------+-------++-------
Melee: War axe           |    94 |   164 |       |       |       |   129 |       |     8 |       ||   395
       Hand axe          |       |    26 |   475 |   267 |       |       |       |       |       ||   768
       Broad axe         |       |       |       |   410 |   997 |  1127 |  1394 |  1107 |   943 ||  5978
       Morningstar       |       |       |       |     1 |       |       |       |       |       ||     1
 Fire: Hunting sling     |       |     7 |     7 |   202 |   298 |   469 |   357 |   329 |   193 ||  1862
       Hand crossbow     |       |       |       |     8 |       |       |       |       |       ||     8
       Blowgun           |       |       |       |       |       |     5 |       |       |       ||     5
Throw: Throwing net      |     3 |     1 |     1 |       |       |       |       |       |       ||     5
       Stone             |     5 |     3 |     6 |     5 |       |     3 |     7 |    24 |    43 ||    96
       Tomahawk          |       |     7 |     6 |    13 |       |    19 |     4 |       |   103 ||   152
       Javelin           |       |       |       |   106 |    47 |    34 |    23 |    25 |    60 ||   295
 Cast: Condensation Shie |       |       |       |       |       |       |    12 |     8 |     5 ||    25
       Apportation       |       |       |       |       |       |       |     1 |     1 |     1 ||     3
       Bolt of Cold      |       |       |       |       |       |       |       |       |     8 ||     8
       Sticky Flame      |       |       |       |       |       |       |       |       |     2 ||     2
       Repel Missiles    |       |       |       |       |       |       |       |       |     3 ||     3
       Freezing Cloud    |       |       |       |       |       |       |       |       |     1 ||     1
Invok: Sacrifice Love    |       |       |     1 |       |       |       |       |       |       ||     1
       Power Leap        |       |       |       |     3 |     1 |     1 |       |       |       ||     5
       Sacrifice a Hand  |       |       |       |     1 |       |       |       |       |       ||     1
       Reject Sacrifices |       |       |       |     2 |       |     1 |     1 |       |       ||     4
       Draw Out Power    |       |       |       |       |     1 |     3 |       |       |       ||     4
       Sacrifice Stealth |       |       |       |       |     1 |       |       |       |       ||     1
       Sacrifice Durabil |       |       |       |       |     1 |       |       |       |       ||     1
       Apocalypse        |       |       |       |       |       |     3 |     2 |     5 |     7 ||    17
       Sacrifice Essence |       |       |       |       |       |       |       |     1 |       ||     1
 Abil: Spit Poison       |       |       |     1 |       |       |     2 |       |       |       ||     3
       Evoke Flight      |       |       |       |       |       |     8 |       |     1 |     9 ||    18
       Evoke Blink       |       |       |       |       |       |       |     2 |       |     1 ||     3
Evoke: Wand              |       |       |       |     2 |     4 |     3 |     3 |    24 |     6 ||    42
       Rod               |       |       |       |     1 |     8 |    59 |    76 |    67 |    48 ||   259
       Deck              |       |       |       |       |     1 |       |       |       |       ||     1
       Disc of storms    |       |       |       |       |       |       |       |       |     4 ||     4
  Use: Potion            |     6 |     6 |     4 |     4 |     3 |     1 |     7 |     8 |    11 ||    50
       Scroll            |     6 |     4 |     7 |    10 |    10 |    13 |    12 |     5 |    13 ||    80
 Stab: Sleeping          |       |       |     2 |       |       |       |       |       |       ||     2
       Invisible         |       |       |       |    12 |     9 |    26 |    50 |    27 |    19 ||   143
       Distracted        |       |       |       |     2 |     7 |     6 |     6 |     5 |     3 ||    29
       Confused          |       |       |       |       |     9 |     3 |     2 |       |       ||    14
       Paralysed         |       |       |       |       |     4 |     3 |    19 |    15 |     5 ||    46
  Eat: Chunk             |     1 |     6 |    14 |    15 |    22 |    30 |    36 |    20 |    15 ||   159
       Beef jerky        |       |       |     2 |     1 |     2 |     1 |     3 |     2 |       ||    11
       Royal jelly       |       |       |     1 |     2 |       |     1 |       |       |     3 ||     7
       Pizza             |       |       |     1 |     4 |     4 |       |       |       |     1 ||    10
       Fruit             |       |       |       |       |    10 |     6 |     5 |     2 |     2 ||    25
       Bread ration      |       |       |       |       |       |     7 |     5 |     4 |     3 ||    19
       Meat ration       |       |       |       |       |       |       |     2 |     2 |    12 ||    16
